 Dungeon Crawl Stone Soup version 0.18-a0-1120-g03bd624 (webtiles) character file.

27 Chiseanne the Gusty (level 2, 0/25 HPs)
             Began as a Centaur Air Elementalist on Jan 17, 2016.
             Slain by a jackal (3 damage)
             ... on level 2 of the Dungeon.
             The game lasted 00:02:16 (1236 turns).

Chiseanne the Gusty (Centaur Air Elementalist)      Turns: 1236, Time: 00:02:16

Health: 0/25       AC:  4    Str: 10    XL:     2   Next: 93%
Magic:  0/4        EV:  9    Int: 14    God:
Gold:   54         SH:  0    Dex:  9    Spells: 1 memorised, 3 levels left

rFire  . . .     SeeInvis .     a - +0 hand axe
rCold  . . .     Gourm    .     h - +0 robe
rNeg   . . .     Faith    .     (no shield)
rPois  .         Spirit   .     (no helmet)
rElec  .         Dismiss  .     (no cloak)
rCorr  .         Reflect  .     (no gloves)
SustAt .         Harm     .     (no barding)
MR     .....                    (no amulet)
Stlth  +.........               (no ring)
                                (no ring)

@: very quick, not resistant to hostile enchantments, very unstealthy
A: hooves 3, deformed body, speed 2, tough skin 3
a: no special abilities


You were on level 2 of the Dungeon.
You were not hungry.

You visited 1 branch of the dungeon, and saw 2 of its levels.

You collected 54 gold pieces.

Inventory:

Hand Weapons
 a - a +0 hand axe (weapon)
 e - a +1 hunting sling of flaming
Missiles
 l - 15 poisoned needles
Armour
 h - a +0 robe (worn)
Scrolls
 f - a scroll of blinking {unknown}
 i - a scroll of fear
 k - 2 scrolls of identify
Potions
 j - a potion of lignification
Books
 b - a book of Air

   Spells                             Type                      Level
   a - Shock                          Conjuration/Air              1
   b - Swiftness                      Charms/Air                   2
   c - Repel Missiles                 Charms/Air                   2
   d - Static Discharge               Conjuration/Air              3
   e - Lightning Bolt                 Conjuration/Air              5
Comestibles
 c - 2 bread rations
 d - a fruit
 g - a slice of pizza


   Skills:
 + Level 2.6 Fighting
 - Level 1.3 Dodging
 - Level 1.2 Stealth
 - Level 1.5 Spellcasting
 - Level 0.8 Conjurations
 - Level 2.6 Air Magic


You had 3 spell levels left.
You knew the following spells:

 Your Spells              Type           Power        Failure   Level  Hunger
a - Shock                 Conj/Air       #...         14%         1    ##.....


Dungeon Overview and Level Annotations

Branches:
Dungeon (2/15)

Altars:
Vehumet

Annotations:
D:2 Ijyb


Innate Abilities, Weirdness & Mutations

You have hooves in place of feet.
Armour fits poorly on your strangely shaped body.
You cover ground very quickly.
You have extremely tough skin (AC +3).


Message History

Confirm with . or Enter, or press ? or * to list all spells.
You don't have enough magic to cast that spell.
You hit the jackal. You kick the jackal, but do no damage.
The jackal is severely wounded.
The jackal barely misses you. x2
You closely miss the jackal.
The jackal is heavily wounded.
The jackal barely misses you.
The jackal bites you but does no damage.
You completely miss the jackal. Your kick misses the jackal.
The jackal is heavily wounded.
The jackal bites you.
* * * LOW HITPOINT WARNING * * *
The jackal misses you.
You barely miss the jackal.
The jackal is moderately wounded.
The jackal bites you.
* * * LOW HITPOINT WARNING * * *
The jackal bites you.
You die...

......).# .##. . #.
.....g..##.#.. .. #.
.........#.#># ... ##.
.......#...#.# ....#..
# ########..##.#
.......## #.†<#.##
.......Kg ##hg(..#
...>....#
#h##..###....#...#
######@##>...<.........
#...........#......####
#...............#.. #
#..........#...... .# #
#..........#.....##.###
#.........##....§.§....
#.........# ...§.§..###
#.........# #§._..#...
#...>.....# #.§§§...##


You could see 2 jackals and a hobgoblin.

Vanquished Creatures
  An ooze (D:1)
  A giant gecko (D:2)
  A giant cockroach (D:2)
  5 goblins
  2 hobgoblins (D:2)
  4 jackals (D:2)
  2 bats
  2 giant newts (D:2)
  3 rats
21 creatures vanquished.

Notes
Turn   | Place    | Note
--------------------------------------------------------------
     0 | D:1      | Chiseanne the Centaur Air Elementalist began the quest for the Orb.
     0 | D:1      | Reached XP level 1. HP: 14/14 MP: 3/3
   110 | D:1      | Reached skill level 1 in Fighting
   225 | D:1      | You fall through a shaft!
   228 | D:2      | Reached XP level 2. HP: 12/24 MP: 4/4
   654 | D:2      | Noticed Ijyb
  1117 | D:2      | Found a radiant altar of Vehumet.
  1236 | D:2      | Slain by a jackal

Vault maps used:
D:1:      dpeg_arrival_orchard
D:2:      fiery_altar_vehumet, first_bread, uniq_iyjb

Action                   || total
-------------------------++-------
Melee: Hand axe          ||    74
 Cast: Shock             ||    17
  Use: Scroll            ||     4
  Eat: Fruit             ||     1
